Map: Prion Terraces

Players

BattleLord - Winner!

  • Race: Terran Terran
  • League: Gold

Miltreta

  • Race: Terran Terran
  • League: Bronze

VOD

Have the link to the VOD?

Description

Time

  • Played on: March 17, 2016, 8:56 p.m.
  • Length: 4:41
Show
View Real Time Build Order
Export as new Build Order

BattleLord Terran - Winner!

Build Orders:  

Get SALT Encoding   

  12  0:17  Supply Depot  
  12  0:24  Refinery  
  12  0:33  SCV  
  13  0:40  Barracks  
  13  0:46  SCV  
  14  1:02  SCV  
  15  1:05  Refinery  
  15  1:14  SCV  
  15  1:28  Reaper  
  16  1:34  Orbital Command  
  16  1:56  Supply Depot  
  16  2:00  Reaper  
  17  2:12  Factory  
  17  2:32  Reaper  
  18  3:04  Reaper  
  18  3:36  Reaper  
Show
View Real Time Build Order
Export as new Build Order

Miltreta Terran 

Build Orders:  

Get SALT Encoding   

  12  0:01  SCV  
  13  0:16  Supply Depot  
  13  0:18  SCV  
  14  0:25  Refinery  
  14  0:35  SCV  
  15  0:53  Barracks  
  15  0:57  SCV  
  16  1:08  Supply Depot  
  16  1:09  SCV  
  17  1:34  SCV  
  18  1:43  Barracks Reactor  
  18  1:53  Orbital Command  
  18  1:58  Factory  
  18  2:20  Engineering Bay  
  18  2:23  Reaper  
  17  2:41  Reaper  
  13  3:06  Reaper  
  13  3:21  Reaper  
  13  3:39  Marine  
  11  3:52  Marine  
Tags
 
Add a new tag
Caveats
  • Supply blocks, unpowered buildings, or Contaminate may cause inaccurate times.
  • Supply counts are checked every 10 seconds.